AoeStats
← shminky

Arabia

510515881Analyzed
2v2 RM · 15h ago on Oct 1, 2026· 51m 45s· 4 players
Game mode
Random Map
Map size
Medium (4 player)
Population
200
Speed
Normal
Resources
Standard
Victory
Conquest
Starting age
Dark Age
Ending age
Imperial Age
RankedLock teamsTeams togetherTeam positionsShared explorationLock speedFull tech treeHidden civsTurbo modeCheats
Victory
Defeat
🇬🇧 Mongols · United Kingdom
963
+15
🇨🇳 Malians · China
923
+16
🇨🇳 Chinese · China
955
-16
🇦🇺 Bulgarians · Australia
930
-15
cjf_1
11:33 Feudal Age
12:56 Double-Bit Axe
18:17 Castle Age
16:22 Horse Collar
16:35 Gold Mining
18:30 Pikeman
19:11 Squires
25:02 Bow Saw
25:34 Heavy Plow
28:08 Wheelbarrow
30:09 Stone Mining
30:18 Man-at-Arms
33:20 Long Swordsman
37:03 Imperial Age
35:32 Gold Shaft Mining
35:17 Forging
35:42 Scale Mail Armor
35:52 Light Cavalry
37:26 Iron Casting
37:07 Chain Mail Armor
37:26 Capped Ram
37:30 Two-Handed Swordsman
39:10 Conscription
39:12 Champion
39:54 Halberdier
shminky
7:51 Loom
10:33 Feudal Age
26:20 Castle Age
25:49 Stone Mining
33:02 Double-Bit Axe
36:08 Light Cavalry
38:18 Bow Saw
38:29 Husbandry
39:26 Gold Mining
40:06 Bloodlines
41:15 Squires
40:36 Pikeman
41:01 Gambesons
41:29 Forging
41:19 Scale Mail Armor
44:10 Iron Casting
46:34 Chain Mail Armor
46:25 Scale Barding Armor
49:16 Stirrups
51:13 Chain Barding Armor
yulonglaile
0:32 Loom
11:57 Feudal Age
12:37 Double-Bit Axe
12:37 Horse Collar
20:40 Bloodlines
22:51 Castle Age
21:30 Stone Mining
21:32 Gold Mining
22:24 Forging
24:00 Bow Saw
24:04 Heavy Plow
25:00 Husbandry
27:09 Scale Barding Armor
28:46 Wheelbarrow
32:57 Gold Shaft Mining
32:13 Stone Mining
36:31 Imperial Age
34:08 Murder Holes
33:53 Treadmill Crane
34:31 Light Cavalry
37:02 Hand Cart
36:34 Town Watch
37:43 Conscription
38:05 Crop Rotation
36:57 Heavy Camel Rider
37:54 Farimba
38:22 Tigui
39:36 Iron Casting
45:22 Chain Barding Armor
47:38 Stone Shaft Mining
47:37 Cavalier
48:15 Fletching
48:47 Elite Gbeto
50:30 Scale Mail Armor
51:55 Chain Mail Armor
52:16 Plate Barding Armor
52:01 Bodkin Arrow
悟 GOKU 悟
3:53 Loom
9:53 Feudal Age
8:08 Loom
11:54 Double-Bit Axe
14:21 Gold Mining
14:53 Stone Mining
20:37 Fletching
23:42 Wheelbarrow
24:11 Padded Archer Armor
31:59 Castle Age
30:05 Horse Collar
31:27 Bloodlines
33:13 Hand Cart
34:07 Bodkin Arrow
34:59 Bow Saw
38:02 Imperial Age
36:08 Leather Archer Armor
37:57 Forging
37:09 Light Cavalry
37:54 Husbandry
39:07 Heavy Plow
39:46 Gold Shaft Mining
41:21 Nomads
41:43 Town Watch
42:36 Ballistics
43:57 Stone Shaft Mining
44:02 Town Patrol
44:43 Conscription
45:42 Bracer
46:54 Hussar
47:52 Scale Mail Armor
47:58 Scale Barding Armor
49:11 Iron Casting
49:00 Drill
49:28 Chain Mail Armor
49:12 Sappers
49:27 Capped Ram
Connection lost

Rejoining the realm…

Still unreachable

The connection could not be restored.

Session expired

The server has moved on; the page needs a fresh start.